AoeStats
← jasonpanex

Black Forest

510833390Analyzed
4v4 RM · 19h ago on Oct 2, 2026· 21m 30s· 8 players
Game mode
Random Map
Map size
Large (8 player)
Population
200
Speed
Normal
Resources
Standard
Victory
Conquest
Starting age
Dark Age
Ending age
Imperial Age
RankedLock teamsTeams togetherTeam positionsShared explorationLock speedFull tech treeHidden civsTurbo modeCheats
Victory
Defeat
🇹🇼 Berbers · Taiwan
1144
+15
🇩🇪 Britons · Germany
1088
+17
🇩🇪 Cumans · Germany
1083
+17
🇩🇪 Armenians · Germany
1051
+20
🇨🇳 Italians · China
1130
-18
🇬🇧 Saxons · United Kingdom
1127
-18
🇵🇱 Magyars · Poland
1105
-17
🇹🇷 Bengalis · Türkiye
1080
-16
Cayo
9:19 Loom
11:21 Feudal Age
12:02 Double-Bit Axe
11:59 Horse Collar
17:29 Castle Age
laofengzi
15:16 Feudal Age
17:06 Loom
19:59 Castle Age
18:08 Horse Collar
18:23 Double-Bit Axe
CoskunKaya
3:17 Loom
11:03 Feudal Age
12:41 Wheelbarrow
16:35 Castle Age
14:28 Double-Bit Axe
14:47 Horse Collar
17:24 Forging
18:31 Bloodlines
18:55 Husbandry
Pintley
1:21 Loom
12:12 Feudal Age
13:20 Double-Bit Axe
15:08 Horse Collar
17:57 Castle Age
16:47 Man-at-Arms
22:22 Castle Age
Lord_Maxxus
7:15 Loom
12:46 Feudal Age
13:26 Double-Bit Axe
13:26 Horse Collar
harborsinger
1:49 Loom
10:49 Feudal Age
11:11 Man-at-Arms
11:37 Arson
12:02 Horse Collar
15:33 Long Swordsman
18:15 Pikeman
Besen
11:53 Feudal Age
13:14 Double-Bit Axe
18:19 Castle Age
21:06 Crossbowman
jasonpanex
1:22 Loom
15:31 Feudal Age
17:19 Double-Bit Axe
18:31 Gold Mining
20:03 Fletching
20:03 Horse Collar
Connection lost

Rejoining the realm…

Still unreachable

The connection could not be restored.

Session expired

The server has moved on; the page needs a fresh start.